 Dungeon Crawl Stone Soup version 0.22-a0-880-gb7b0c8b (webtiles) character file.

43 Goblin1989 the Cutter (level 3, 0/27 HPs)
             Began as a Demonspawn Warper on July 30, 2018.
             Succumbed to a kobold's poison
             ... on level 2 of the Dungeon.
             The game lasted 00:05:02 (2266 turns).

Goblin1989 the Cutter (Demonspawn Warper)           Turns: 2266, Time: 00:05:03

Health: 0/27       AC:  3    Str: 10 (11) XL:     3   Next: 37%
Magic:  6/6        EV: 11    Int: 11 (14) God:
Gold:   112        SH:  3    Dex: 10 (13) Spells: 6/6 levels left

rFire    . . .     SeeInvis .   S - +2 dagger (venom)
rCold    . . .     Gourm    .   (no shield)
rNeg     . . .     Faith    .   b - +0 leather armour
rPois    .         Spirit   +   (no helmet)
rElec    .         Reflect  +   (no cloak)
rCorr    .         Harm     .   (no gloves)
MR       .....                  (no boots)
Stlth    +.........             R - +3 amulet of reflection
HPRegen  0.09/turn              (no ring)
MPRegen  0.10/turn              (no ring)

@: lethally poisoned (0 -> -2), very slightly contaminated, hasted, very quick
A: magic shield
a: no special abilities


You were on level 2 of the Dungeon.
You were not hungry.

You visited 1 branch of the dungeon, and saw 2 of its levels.

You collected 112 gold pieces.

Inventory:

Hand Weapons
 a - a +4 dagger
 S - a +2 dagger of venom (weapon)
Missiles
 f - 5 tomahawks of dispersal (quivered)
 E - 115 stones {@Q3}
 F - 31 poisoned needles
 J - 18 sling bullets
 K - 19 arrows
 L - 4 javelins {@Q2}
Armour
 b - a +0 leather armour (worn)
Jewellery
 R - a +3 amulet of reflection (around neck)
Scrolls
 D - 5 scrolls of identify {unknown}
 G - 2 scrolls of remove curse {unknown}
 H - a scroll of teleportation {unknown}
 I - a scroll of amnesia {unknown}
 O - a scroll of magic mapping {unknown}
Comestibles
 e - 3 rations


   Skills:
 - Level 2.0 Fighting
 + Level 3.5 Short Blades
 - Level 0.8 Throwing
 - Level 0.8 Armour
 - Level 1.7 Dodging
 - Level 2.0 Spellcasting
   Level 2.6 Translocations


You had 6 spell levels left.
You didn't know any spells.
Your spell library contained the following spells:

 Spells                   Type           Power        Failure   Level  Hunger
 Teleport Other           Tloc           #.......     36%         3    ####...
 Blink                    Tloc           N/A          21%         2    ###....
 Passage of Golubria      Tloc           N/A          78%         4    #####..
 Shroud of Golubria       Chrm/Tloc      #.........   34%         2    ###....
 Gell's Gravitas          Tloc           #.........   36%         3    ####...
 Lesser Beckoning         Tloc           #.........   36%         3    ####...


Dungeon Overview and Level Annotations

Branches:
Dungeon (2/15)

Altars:


Innate Abilities, Weirdness & Mutations

When hurt, damage is shared between your health and your magic reserves.


Message History

You closely miss something.
You feel sick. Something hits you but does no damage.
You are lethally poisoned!
You take 1 damage, and have 13/27 hp.
You hit something.
Reactivating autopickup.
You feel a bit more experienced.
* * * LOW HITPOINT WARNING * * *
You feel sick.
You take 1 damage, and have 12/27 hp.
* * * LOW HITPOINT WARNING * * *
You feel sick.
Items here: $ ( ) † a dagger of venom; 42 stones {@Q3}; 15 gold pieces; a kobold corpse You take 1 damage, and have 11/27 hp.
Unknown command.
It was a potion of cancellation.
You feel magically purged.
* * * LOW HITPOINT WARNING * * *
You feel sick.
You take 1 damage, and have 10/27 hp.
It was a potion of degeneration.
There was something very wrong with that liquid.
You feel weakened.
You feel dopey.
You feel clumsy.
* * * LOW HITPOINT WARNING * * *
You feel sick.
You take 1 damage, and have 9/27 hp.
It was a potion of haste.
You feel yourself speed up.
* * * LOW HITPOINT WARNING * * *
You feel sick.
You take 1 damage, and have 8/27 hp.
S - a dagger of venom;
E - 115 stones {@Q3} (gained 42)
You now have 112 gold pieces (gained 15).
Wield which item (- for none, * to show all)? (? for menu, Esc to quit)
Your +2 dagger of venom begins to drip with poison!
S - a +2 dagger of venom (weapon)
* * * LOW HITPOINT WARNING * * *
You feel sick.
You see here a stone.
You take 1 damage, and have 7/27 hp.
You see here a stone.
* * * LOW HITPOINT WARNING * * *
You feel sick.
You take 1 damage, and have 6/27 hp.
* * * LOW HITPOINT WARNING * * *
You feel sick.
You take 1 damage, and have 5/27 hp.
You see here a stone.
* * * LOW HITPOINT WARNING * * *
You feel sick.
You take 1 damage, and have 5/27 hp.
* * * LOW HITPOINT WARNING * * *
You feel sick.
You see here a stone.
You take 1 damage, and have 4/27 hp.
Blink to where?
Press: ? - help, Dir - move target cursor You are very lightly contaminated with residual magic.
As you read the scroll of blinking, it crumbles to dust.
A kobold comes into view. It is wielding a short sword.
The kobold shouts!
You hear a shout!
A hobgoblin comes into view. It is wielding a club.
* * * LOW HITPOINT WARNING * * *
You feel sick.
You take 1 damage, and have 3/27 hp.
You hit the kobold.
You kill the kobold!
MP restored: 6
* * * LOW HITPOINT WARNING * * *
You feel sick.
You see here a short sword.
You take 1 damage, and have 2/27 hp.
You barely miss the hobgoblin. You closely miss the hobgoblin.
The hobgoblin barely misses you.
A leopard gecko comes into view.
You hit the hobgoblin.
The hobgoblin is poisoned.
The hobgoblin is moderately wounded.
You hit the hobgoblin but do no damage.
The hobgoblin looks as sick as possible!
The hobgoblin is moderately wounded.
You block the hobgoblin's attack.
You barely miss the hobgoblin.
The hobgoblin is almost dead.
You barely miss the hobgoblin.
The hobgoblin is almost dead.
* * * LOW HITPOINT WARNING * * *
You feel sick.
You kill the hobgoblin!
You take 1 damage, and have 1/27 hp.
You hit the leopard gecko.
The leopard gecko is almost dead.
The leopard gecko closely misses you.
You hit the leopard gecko.
You kill the leopard gecko!
Unknown command.
You see here a club.
* * * LOW HITPOINT WARNING * * *
You feel sick.
You take 1 damage, and have 1/27 hp.
You see here a gold piece.
You die... █████████████████

................█
............███.█
.........██.█ █
█████.).██.███.█████
██)███.$@....... █.█
█████.█████ █.█ █.█
█ █.█ █. █.█ █.█ █.█
██.███████.█ █.█ █.█
█........... █.█ █.█
█(......█ █.█ █.█
█.█████.█ █.█ █.█
█.█ ███.█


There were no monsters in sight!

Vanquished Creatures
  An adder (D:1)
  A worm (D:2)
  A dart slug (D:1)
  A leopard gecko (D:2)
  6 goblins
  5 hobgoblins
  5 kobolds
  4 bats
  2 frilled lizards
  3 rats
29 creatures vanquished.

Notes
Turn   | Place    | Note
-------+----------+-------------------------------------------
     0 | D:1      | Goblin1989 the Demonspawn Warper began the quest for the Orb.
     0 | D:1      | Reached XP level 1. HP: 16/16 MP: 3/3
   197 | D:1      | Reached skill level 2 in Short Blades
   779 | D:1      | Gained mutation: When hurt, damage is shared between your health and your magic reserves. [demonic ancestry]
   779 | D:1      | Reached XP level 2. HP: 21/22 MP: 5/5
  1488 | D:1      | Reached skill level 3 in Short Blades
  1781 | D:2      | Reached XP level 3. HP: 24/27 MP: 6/6
  2254 | D:2      | HP: 1/27 [poisoned by a kobold]
  2260 | D:2      | HP: 1/27 [poisoned by a kobold]
  2266 | D:2      | Succumbed to a kobold's poison

Vault maps used:
D:1:      lightli_arrival_isolated_outpost
D:2:      corner_web_ring

Skill      XL: |  1  2 |
---------------+-------+-----
Short Blades   | 2 3 |  3.5
Fighting       | |  2.0
Throwing       | |  0.8
Armour         | |  0.8
Dodging        | |  1.7
Spellcasting   | |  2.0
Translocations | |  2.6

Action                   || total
-------------------------++-------
Melee: Short sword       ||    90
       Dagger            ||    37
  Use: Potion            ||     3
       Scroll            ||     1
  Eat: Chunk             ||     4
Armor: Leather armour    ||    36
Dodge: Dodged            ||    80
Block: Other             ||     1

Table legend:
 A = Spawn XP
 B = Non-spawn XP
 C = Spawn XP percentage of total XP
 D = Spawn monster count
 E = Non-spawn monster count
 F = Spawn count percentage of total count
 G = Total turns spent on level
                    A         B        C        D         E        F      G
               +---------+---------+-------+---------+---------+-------+---------
         Total |       0 |      62 |   0.0 |       0 |      29 |   0.0 |  2266
               +---------+---------+-------+---------+---------+-------+---------
           D:1 |       0 |      40 |   0.0 |       0 |      17 |   0.0 |  1777
           D:2 |       0 |      22 |   0.0 |       0 |      12 |   0.0 |   489
               +---------+---------+-------+---------+---------+-------+---------

Vault maps used:
D:1:      lightli_arrival_isolated_outpost
D:2:      corner_web_ring
